Nobbs, neutral male human Tourist ----- |<..).- ... |...[........ --..|....|.. --.|-.....-.-- -..........)--- -.--.|..).dfd-- *----...|@)f. #|.(|d.W. --[....) #....... -.--.. ..- . .... ... .. . ..... ...... ..{... .. ....... ....... ..--. Nobbs the Sightseer Experience level: 5 Strength: 15 Dexterity: 11 Constitution: 18 Intelligence: 11 Wisdom: 8 Charisma: 14 Health: 0(45) Energy: 20(20) Def: 7 Gold: 349 Moves: 4799 Dungeon seed: ozxpFoHu0AKxLmlh Game ID: Nobbs_1510346258 Your Inventory: Coins $ - 349 gold pieces Wands c - a wand of teleportation (0:3) P - a wand of magic missile (0:6) Q - a wand of lightning (0:1) Y - a wand of striking (0:5) Weapons a - 26 +2 darts (in quiver) z - a rusty +0 short sword (weapon in hand) Armor e - an uncursed +0 Hawaiian shirt (being worn) N - an uncursed +0 dwarvish mithril-coat (being worn) X - an uncursed +0 cloak of displacement (being worn) Comestibles d - 2 uncursed apples f - an uncursed slime mold g - 4 uncursed fortune cookies i - an uncursed tripe ration j - a cursed tripe ration k - an uncursed carrot s - 4 uncursed lichen corpses E - 2 uncursed tins of shrieker Scrolls b - an uncursed scroll of gold detection n - 4 uncursed scrolls of magic mapping o - a blessed scroll of magic mapping t - an uncursed scroll of destroy armor u - an uncursed scroll of blank paper y - a blessed scroll of earth D - a blessed scroll of food detection M - an uncursed scroll of remove curse R - a cursed scroll of earth V - a cursed scroll of magic mapping W - a cursed scroll of create monster Spellbooks C - an uncursed spellbook of clairvoyance F - an uncursed spellbook of cone of cold Potions h - a cursed potion of gain ability l - 2 uncursed potions of extra healing m - a blessed potion of extra healing v - a blessed potion of fruit juice w - an uncursed potion of healing A - an uncursed potion of see invisible B - an uncursed potion of levitation I - an uncursed potion of restore ability O - a blessed potion of gain ability S - 2 uncursed potions of monster detection T - a blessed potion of booze Rings G - an uncursed ring of stealth H - an uncursed +1 ring of increase damage (on right hand) L - an uncursed ring of slow digestion U - an uncursed ring of protection from shape changers Z - an uncursed ring of cold resistance (on left hand) Tools p - an expensive camera (0:67) q - an uncursed credit card r - an uncursed stethoscope J - an uncursed oil lamp (lit) (0:875) K - an expensive camera (0:48) Spells and supernatural/magical abilities: Name Level Category Fail Memory W - pray for help -- divine ? -- Your skills at the end: Fighting Skills Weapon Skills dart [Basic] Spellcasting Skills Final Attributes: You were piously aligned. You were cold resistant. You were telepathic. You were displaced. You had a +1 damage bonus. You are dead. Vanquished creatures: 2 small mimics a wolf a gnome king a fog cloud a shrieker 2 gnome lords 2 kobold mummies a red naga hatchling 2 giant ants 3 floating eyes 5 dwarves a kobold lord a kobold shaman a rothe a centipede an orc zombie a wererat a werejackal 2 iguanas a gas spore 2 hobbits 9 manes a large kobold a hobgoblin 2 giant rats 2 cave spiders 2 green molds a red mold 13 gnomes a garter snake 3 gnome zombies 4 geckos 12 jackals 2 foxes 2 goblins a sewer rat a bat 7 lichens 2 kobold zombies 2 newts 101 creatures vanquished. Voluntary challenges: You were an atheist. You used a wielded weapon 29 times, starting on turn 660. You read items or engraved 32 times, starting on turn 1104. You never genocided any monsters. You never polymorphed an object. You never changed form. You used no wishes. You never split a pudding. You wrote Elbereth's name 25 times, starting on turn 1104. You never violated your personal moral code. Dungeon overview: The Dungeons of Doom: levels 1 to 7 Level 1 some fountains a long staircase Level 2 a general store, a fountain stairs to The Gnomish Mines Level 3 a general store Level 4 a scroll shop, some fountains, a sink Level 5 many fountains Level 6 a fountain stairs to Sokoban Level 7 The Gnomish Mines: levels 3 to 5 Level 3 stairs to The Dungeons of Doom Level 4 Level 5 <- You were here a fountain Sokoban: Level 5 stairs to The Dungeons of Doom History has recorded: On T:1 you entered the Dungeons of Doom to retrieve the Amulet of Yendor! On T:298 you reached level 2 of The Dungeons of Doom. On T:368 you reached level 1 of The Gnomish Mines. On T:690 you advanced to experience level 2. On T:693 you reached level 3 of The Dungeons of Doom. On T:1270 you advanced to experience level 3. On T:1284 you advanced to experience level 4. On T:1901 you reached level 4 of The Dungeons of Doom. On T:2651 you reached level 6 of The Dungeons of Doom. On T:2917 you advanced to experience level 5. On T:3225 you reached level 4 of Sokoban. On T:3553 you reached level 7 of The Dungeons of Doom. On T:4329 you reached level 2 of The Gnomish Mines. On T:4641 you reached level 3 of The Gnomish Mines. Score breakdown: Gold: 0 ( 0 points) Experience: 5 levels (11141 points) Exploration: 7 levels ( 13.73%) (10392 points) Discoveries: 14 items ( 4.70%) ( 6502 points) Valuables value: (no points given unless you survive) Artifact value: 0 ( 0 points) Variety of kills: 40 monsters ( 10.50%) ( 9720 points) Turncount: 4799 turns (-1294 points) Survival: died (score multiplied by 80%) Total score: 29168 Latest messages: You can see again. Fuffy misses the werewolf. The werewolf turns to flee! Fuffy misses the werewolf. Fuffy bites the werewolf. The werewolf misses Fuffy. The wolf strikes at your displaced image and misses you! Fuffy bites the werewolf. The werewolf bites Fuffy. The wolf misses the housecat. The wolf turns to flee! You miss Nobbs' ghost. The winter wolf misses. You miss the winter wolf. The werewolf turns to flee! Nobbs' ghost turns to flee! The winter wolf bites! You miss the winter wolf. The winter wolf bites! You miss the winter wolf. The winter wolf bites! You die... Final status: Aloha Nobbs the Tourist, killed by a winter wolf... You died in The Gnomish Mines on dungeon level 5 with 29168 points, and 349 pieces of gold, after 4799 moves. You were level 5 with a maximum of 45 hit points when you died.